PAA
CHESAPEAKE CONTINENTALS @ MYRTLE BEACH MERMEN
06/15/2029
 
TOP OF THE 1ST
Chesapeake Continentals batting - Pitching for Myrtle Beach Mermen : RHP Gregory Bahena
Pitching: RHP Gregory Bahena
Batting: RHB Marcos Alfaro 0-0: Ground out 5-3 (Groundball, 56)
Batting: LHB Ángel Pineda 0-0: Called Strike
0-1: Foul Ball, location: 2F
0-2: Ball
1-2: Ground out U3 (Groundball, 3)
Batting: LHB Dana Waldrip 0-0: Called Strike
0-1: Foul Ball, location: 2F
0-2: Foul Ball, location: 2F
0-2: Reached on error, E3 (Groundball, 3)
Batting: SHB Dave Atkins 0-0: Ball
1-0: Called Strike
1-1: Ball
2-1: Fly out, F9 (Flyball, 89D)
Top of the 1st over - 0 runs, 0 hits, 1 error, 1 left on base; Chesapeake 0 - Myrtle Beach 0
BOTTOM OF THE 1ST
Myrtle Beach Mermen batting - Pitching for Chesapeake Continentals : LHP Javier Romero
Pitching: LHP Javier Romero
Batting: RHB Jean Lechuga 0-0: Ball
1-0: Ball
2-0: Foul Ball, location: 2F
2-1: Foul Ball, location: 2F
2-2: Ball
3-2: Foul Ball, location: 2F
3-2: Foul Ball, location: 2F
3-2: Hit by Pitch
Batting: RHB Éric Leroux 0-0: Ball
1-0: Ball
2-0: Ball
3-0: Called Strike
3-1: Base on Balls
Jean Lechuga to second
Batting: RHB Sergio Pérez 0-0: Ball
1-0: Foul Ball, location: 2F
1-1: Foul Ball, location: 2F
1-2: Ground out 5-3 (Groundball, 56S)
Jean Lechuga to third
Éric Leroux to second
Batting: RHB John O'Neil 0-0: Ball
1-0: Ball
2-0: Called Strike
2-1: Ball
3-1: Called Strike
3-2: Strikes out swinging
Batting: LHB Wilson López 0-0: Foul Ball, location: 2F
0-1: Foul Ball, location: 2F
0-2: Foul Ball, location: 2F
0-2: Strikes out swinging
Bottom of the 1st over - 0 runs, 0 hits, 0 errors, 2 left on base; Chesapeake 0 - Myrtle Beach 0
TOP OF THE 2ND
Chesapeake Continentals batting - Pitching for Myrtle Beach Mermen : RHP Gregory Bahena
Batting: RHB Edgar Baeza 0-0: Ball
1-0: Called Strike
1-1: Foul Ball, location: 2F
1-2: Foul Ball, location: 2F
1-2: Strikes out swinging
Batting: RHB Rand McNally 0-0: Ball
1-0: Ball
2-0: Ball
3-0: Base on Balls
Pitching: RHP Culley Adjeng
Batting: RHB José Palácios 0-0: Called Strike
0-1: Called Strike
0-2: Fly out, F7 (Flyball, 7LS)
Batting: RHB Tommy Socorro 0-0: SINGLE (Groundball, 34D)
Rand McNally to second
Runner from 2nd tries for 3rd, SAFE, no throw
Batting: RHB Alberto Esquivel 0-0: Ball
1-0: Ball
2-0: Foul Ball, location: 2F
2-1: Ball
3-1: Foul Ball, location: 2F
3-2: Base on Balls
Tommy Socorro to second
Batting: RHB Marcos Alfaro 0-0: Foul Ball, location: 2F
0-1: Ball
1-1: Foul Ball, location: 2F
1-2: Foul Ball, location: 2F
1-2: Ground out 1-3 (Groundball, P)
Top of the 2nd over - 0 runs, 1 hit, 0 errors, 3 left on base; Chesapeake 0 - Myrtle Beach 0
BOTTOM OF THE 2ND
Myrtle Beach Mermen batting - Pitching for Chesapeake Continentals : LHP Javier Romero
Batting: RHB Maik Palen 0-0: Ball
1-0: Ball
2-0: Foul Ball, location: 2F
2-1: SINGLE (Groundball, 6MD)
Batting: RHB Elijah Seymour 0-0: Called Strike
0-1: Foul Ball, location: 2F
0-2: Strikes out swinging
Batting: LHB Ramón Flores 0-0: SINGLE (Line Drive, 89S)
Maik Palen to second
Batting: RHB David Meléndez 0-0: Foul Ball, location: 2F
0-1: Foul Ball, location: 2F
0-2: Strikes out swinging
Batting: RHB Jean Lechuga 0-0: Called Strike
0-1: Ground out 4-3 (Groundball, 4)
Bottom of the 2nd over - 0 runs, 2 hits, 0 errors, 2 left on base; Chesapeake 0 - Myrtle Beach 0
TOP OF THE 3RD
Chesapeake Continentals batting - Pitching for Myrtle Beach Mermen : RHP Culley Adjeng
Batting: LHB Ángel Pineda 0-0: Foul Ball, location: 2F
0-1: Ball
1-1: Ball
2-1: Ball
3-1: Base on Balls
Batting: LHB Dana Waldrip 0-0: Called Strike
0-1: Ball
1-1: Foul Ball, location: 2F
1-2: Foul Ball, location: 2F
1-2: Ball
2-2: Fly out, F9 (Flyball, 9)
Batting: SHB Dave Atkins 0-0: Ball
1-0: Ball
2-0: Ball
3-0: Called Strike
3-1: Called Strike
3-2: Strikes out swinging
Batting: RHB Edgar Baeza 0-0: Swinging Strike
0-1: Ball
1-1: Fly out, F7 (Flyball, 7LS)
Top of the 3rd over - 0 runs, 0 hits, 0 errors, 1 left on base; Chesapeake 0 - Myrtle Beach 0
BOTTOM OF THE 3RD
Myrtle Beach Mermen batting - Pitching for Chesapeake Continentals : LHP Javier Romero
Batting: RHB Éric Leroux 0-0: Called Strike
0-1: Called Strike
0-2: Ball
1-2: Ball
2-2: Ball
3-2: Foul Ball, location: 2F
3-2: Ground out 3-1 (Groundball, 34)
Batting: RHB Sergio Pérez 0-0: Foul Ball, location: 2F
0-1: Foul Ball, location: 2F
0-2: Strikes out swinging
Batting: RHB John O'Neil 0-0: Ball
1-0: Swinging Strike
1-1: Foul Ball, location: 2F
1-2: Foul Ball, location: 2F
1-2: Ball
2-2: Foul Ball, location: 2F
2-2: Foul Ball, location: 2F
2-2: Ball
3-2: SINGLE (Groundball, 5D)
Batting: LHB Wilson López 0-0: Called Strike
0-1: Swinging Strike
0-2: Ball
John O'Neil steals 2nd base
1-2: Ball
2-2: Foul Ball, location: 2F
2-2: Strikes out looking
Bottom of the 3rd over - 0 runs, 1 hit, 0 errors, 1 left on base; Chesapeake 0 - Myrtle Beach 0
TOP OF THE 4TH
Chesapeake Continentals batting - Pitching for Myrtle Beach Mermen : RHP Culley Adjeng
Batting: RHB Rand McNally 0-0: Ball
1-0: Swinging Strike
1-1: Foul Ball, location: 2F
1-2: Ball
2-2: Strikes out swinging
Batting: RHB José Palácios 0-0: Called Strike
0-1: Ball
1-1: Ground out 6-3 (Groundball, 6)
Batting: RHB Tommy Socorro 0-0: Called Strike
0-1: Fly out, F9 (Flyball, 9D)
Top of the 4th over - 0 runs, 0 hits, 0 errors, 0 left on base; Chesapeake 0 - Myrtle Beach 0
BOTTOM OF THE 4TH
Myrtle Beach Mermen batting - Pitching for Chesapeake Continentals : LHP Javier Romero
Batting: RHB Maik Palen 0-0: Foul Ball, location: 2F
0-1: Ball
1-1: Ball
2-1: Foul Ball, location: 2F
2-2: Foul Ball, location: 2F
2-2: Ground out U3 (Groundball, 3)
Batting: RHB Elijah Seymour 0-0: Ball
1-0: Ball
2-0: Ball
3-0: Base on Balls
Batting: LHB Ramón Flores 0-0: Swinging Strike
0-1: Ball
1-1: Swinging Strike
1-2: Strikes out swinging
Batting: RHB David Meléndez 0-0: SINGLE (Groundball, 56D)
Elijah Seymour to second
Batting: RHB Jean Lechuga 0-0: Ball
1-0: Swinging Strike
1-1: 3-RUN HOME RUN (Flyball, 7D), Distance : 361 ft
Batting: RHB Éric Leroux 0-0: Ball
1-0: Called Strike
1-1: Fly out, F9 (Line Drive, 9)
Bottom of the 4th over - 3 runs, 2 hits, 0 errors, 0 left on base; Chesapeake 0 - Myrtle Beach 3
TOP OF THE 5TH
Chesapeake Continentals batting - Pitching for Myrtle Beach Mermen : RHP Culley Adjeng
Batting: RHB Alberto Esquivel 0-0: Ball
1-0: Ground out 6-3 (Groundball, 6)
Batting: RHB Marcos Alfaro 0-0: Ground out 6-3 (Groundball, 6S)
Batting: LHB Ángel Pineda 0-0: Foul Ball, location: 2F
0-1: Swinging Strike
0-2: Ball
1-2: Ball
2-2: Ball
3-2: Ground out 4-3 (Groundball, 4MD)
Top of the 5th over - 0 runs, 0 hits, 0 errors, 0 left on base; Chesapeake 0 - Myrtle Beach 3
BOTTOM OF THE 5TH
Myrtle Beach Mermen batting - Pitching for Chesapeake Continentals : LHP Javier Romero
Batting: RHB Sergio Pérez 0-0: SINGLE (Groundball, 56D)
Batting: RHB John O'Neil 0-0: Ball
1-0: Ball
2-0: Ball
3-0: Called Strike
3-1: DOUBLE (Groundball, 5L)
Sergio Pérez to third
Batting: LHB Wilson López 0-0: Ground out U3 (Groundball, 3)
Batting: RHB Maik Palen 0-0: Ball
Wild Pitch!
Sergio Pérez scores
John O'Neil to third
1-0: Ball
2-0: Called Strike
2-1: Ball
3-1: Fly out, F7 (Flyball, 7)
Runner from 3rd tags up, OUT at HOME
Bottom of the 5th over - 1 run, 2 hits, 0 errors, 0 left on base; Chesapeake 0 - Myrtle Beach 4
TOP OF THE 6TH
Chesapeake Continentals batting - Pitching for Myrtle Beach Mermen : RHP Culley Adjeng
Batting: LHB Dana Waldrip 0-0: Ball
1-0: Foul Ball, location: 2F
1-1: Foul Ball, location: 2F
1-2: Ball
2-2: Foul Ball, location: 2F
2-2: Foul Ball, location: 2F
2-2: Foul Ball, location: 2F
2-2: Strikes out swinging
Batting: SHB Dave Atkins 0-0: Ball
1-0: SINGLE (Flyball, 9LM)
Pitching: LHP Luis Vega
Batting: RHB Edgar Baeza 0-0: Ball
1-0: Swinging Strike
1-1: 2-RUN HOME RUN (Flyball, 9LD), Distance : 339 ft
Batting: RHB Rand McNally 0-0: Called Strike
0-1: Swinging Strike
0-2: Strikes out swinging
Batting: RHB José Palácios 0-0: Foul Ball, location: 2F
0-1: Called Strike
0-2: Foul Ball, location: 2F
0-2: Foul Ball, location: 2F
0-2: Ground out 6-3 (Groundball, 6)
Top of the 6th over - 2 runs, 2 hits, 0 errors, 0 left on base; Chesapeake 2 - Myrtle Beach 4
BOTTOM OF THE 6TH
Myrtle Beach Mermen batting - Pitching for Chesapeake Continentals : LHP Javier Romero
Batting: RHB Elijah Seymour 0-0: Ball
1-0: Swinging Strike
1-1: Called Strike
1-2: Strikes out swinging
Pitching: LHP Jesús López
Batting: LHB Ramón Flores 0-0: Ball
1-0: Called Strike
1-1: Ball
2-1: Foul Ball, location: 2F
2-2: Ball
3-2: Foul Ball, location: 2F
3-2: Foul Ball, location: 2F
3-2: Hit by Pitch
Batting: RHB David Meléndez 0-0: Ball
1-0: Called Strike
1-1: Swinging Strike
1-2: Strikes out swinging
Batting: RHB Jean Lechuga 0-0: Called Strike
Throwing error on steal attempt, E2
Ramón Flores to third
0-1: Ball
1-1: Foul Ball, location: 2F
1-2: Strikes out looking
Bottom of the 6th over - 0 runs, 0 hits, 1 error, 1 left on base; Chesapeake 2 - Myrtle Beach 4
TOP OF THE 7TH
Chesapeake Continentals batting - Pitching for Myrtle Beach Mermen : LHP Luis Vega
Batting: RHB Tommy Socorro 0-0: Foul Ball, location: 2F
0-1: Foul Ball, location: 2F
0-2: Ball
1-2: Foul Ball, location: 2F
1-2: Ball
2-2: Foul Ball, location: 2F
2-2: Ball
3-2: Foul Ball, location: 2F
3-2: Base on Balls
Batting: RHB Alberto Esquivel 0-0: Ball
1-0: Foul Ball, location: 2F
1-1: Grounds into double play, 6-4-3 (Groundball, 6)
Batting: RHB Marcos Alfaro 0-0: Ball
1-0: Ball
2-0: Called Strike
2-1: Ball
3-1: Base on Balls
Batting: LHB Ángel Pineda 0-0: Called Strike
Marcos Alfaro steals 2nd base
0-1: Ball
1-1: Ball
2-1: Swinging Strike
2-2: SINGLE (Groundball, 6MD)
Marcos Alfaro to third
Runner from 3rd tries for Home, SAFE, no throw
Pinch Hitting: RHB Arturo Scantlebury 0-0: Called Strike
0-1: Called Strike
0-2: Ball
1-2: Foul Ball, location: 2F
1-2: SINGLE (Line Drive, 56)
Ángel Pineda to second
Batting: SHB Dave Atkins 0-0: Foul Ball, location: 2F
0-1: Foul Ball, location: 2F
0-2: Foul Ball, location: 2F
0-2: Strikes out swinging
Top of the 7th over - 1 run, 2 hits, 0 errors, 2 left on base; Chesapeake 3 - Myrtle Beach 4
BOTTOM OF THE 7TH
Myrtle Beach Mermen batting - Pitching for Chesapeake Continentals : LHP Jesús López
Now at 1B: Arturo Scantlebury
Batting: RHB Éric Leroux 0-0: Ball
1-0: Swinging Strike
1-1: Swinging Strike
1-2: Ball
2-2: Ground out 4-3 (Groundball, 4M)
Batting: RHB Sergio Pérez 0-0: Ball
1-0: Ball
2-0: Ball
3-0: Called Strike
3-1: Base on Balls
Batting: RHB John O'Neil 0-0: Ball
1-0: Called Strike
1-1: Grounds into double play, 6-4-3 (Groundball, 56)
Bottom of the 7th over - 0 runs, 0 hits, 0 errors, 0 left on base; Chesapeake 3 - Myrtle Beach 4
TOP OF THE 8TH
Chesapeake Continentals batting - Pitching for Myrtle Beach Mermen : LHP Luis Vega
Batting: RHB Edgar Baeza 0-0: Called Strike
0-1: Swinging Strike
0-2: Ball
1-2: Ball
2-2: Foul Ball, location: 2F
2-2: DOUBLE (Line Drive, 9LD)
Pitching: RHP Jorge Carrión
Batting: RHB Rand McNally 0-0: Ball
1-0: Sac Bunt - play at first, batter OUT! 5-3
Edgar Baeza to third
Batting: RHB José Palácios 0-0: Ball
1-0: Ground out 5-3 (Groundball, 5S)
Batting: RHB Tommy Socorro 0-0: Ball
1-0: Ball
2-0: SINGLE (Flyball, 78S)
Edgar Baeza scores
Batting: RHB Alberto Esquivel 0-0: Ball
1-0: Called Strike
1-1: Called Strike
1-2: Strikes out looking
Top of the 8th over - 1 run, 2 hits, 0 errors, 1 left on base; Chesapeake 4 - Myrtle Beach 4
BOTTOM OF THE 8TH
Myrtle Beach Mermen batting - Pitching for Chesapeake Continentals : LHP Jesús López
Pinch Hitting: RHB Carlos González 0-0: SOLO HOME RUN (Flyball, 7D), Distance : 348 ft
Batting: RHB Maik Palen 0-0: Called Strike
0-1: Foul Ball, location: 2F
0-2: Ball
1-2: Ball
2-2: Strikes out swinging
Batting: RHB Elijah Seymour 0-0: Called Strike
0-1: Fly out, F4 (Line Drive, 4M)
Batting: LHB Ramón Flores 0-0: Ball
1-0: Ground out U3 (Groundball, 34)
Bottom of the 8th over - 1 run, 1 hit, 0 errors, 0 left on base; Chesapeake 4 - Myrtle Beach 5
TOP OF THE 9TH
Chesapeake Continentals batting - Pitching for Myrtle Beach Mermen : RHP Jorge Carrión
Now at 2B: Theodore York
Batting: RHB Marcos Alfaro 0-0: Called Strike
0-1: Ground out 4-3 (Groundball, 4)
Batting: LHB Ángel Pineda 0-0: Foul Ball, location: 2F
0-1: Fly out, F6 (Popup, 6)
Batting: RHB Arturo Scantlebury 0-0: Foul Ball, location: 2F
0-1: Ball
1-1: SOLO HOME RUN (Flyball, 7D), Distance : 360 ft
Batting: SHB Dave Atkins 0-0: Ball
1-0: Called Strike
1-1: SOLO HOME RUN (Line Drive, 9D), Distance : 390 ft
Batting: RHB Edgar Baeza 0-0: Swinging Strike
0-1: Foul Ball, location: 2F
0-2: Ball
1-2: Strikes out swinging
Top of the 9th over - 2 runs, 2 hits, 0 errors, 0 left on base; Chesapeake 6 - Myrtle Beach 5
BOTTOM OF THE 9TH
Myrtle Beach Mermen batting - Pitching for Chesapeake Continentals : LHP Jesús López
Pitching: RHP Joseph Chartier
Now at 1B: Jorge Alfiche
Now at SS: Micheal Lovell
Now in RF: Wayne Akers
Pinch Hitting: SHB Alex Mable 0-0: Ball
1-0: SINGLE (Groundball, 4MD)
Batting: RHB Jean Lechuga 0-0: Sac Bunt - play at first, batter OUT! 2-4
Alex Mable to second
Batting: RHB Éric Leroux 0-0: Ball
1-0: Ball
2-0: Called Strike
2-1: Foul Ball, location: 2F
2-2: Ball
3-2: Base on Balls
Batting: RHB Sergio Pérez 0-0: Called Strike
0-1: Ball
1-1: Swinging Strike
1-2: Ball
2-2: Strikes out swinging
Batting: RHB John O'Neil 0-0: Ball
1-0: Ball
2-0: DOUBLE (Line Drive, 89D)
Alex Mable scores
Éric Leroux to third
Runner from 3rd tries for Home, SAFE, no throw
Tuesday, December 19th, 2017 - OOTP Baseball 18.8 Build 76